 Seeded DCSS version 0.29-a0-284-gf9362112df (webtiles) character file.

Game seed: 4069715387981020196 (custom seed)

2 gzilladon the Grave Robber (level 1, -1/13 HPs)
             Began as a Demonspawn Necromancer on Mar 25, 2022.
             Slain by a hobgoblin
             ... wielding a +0 club
              (3 damage)
             ... on level 1 of the Dungeon.
             The game lasted 00:02:09 (498 turns).

gzilladon the Grave Robber (Demonspawn Necromancer)  Turns: 498, Time: 00:02:09

Health: -1/13      AC:  2    Str:  8    XL:     1   Next: 25%
Magic:  3/3        EV: 12    Int: 22    God:
Gold:   17         SH:  0    Dex: 13    Spells: 3/4 levels left

rFire   . . .      SeeInvis .   j - +0 club
rCold   . . .      Faith    .   (no shield)
rNeg    . . .      Spirit   .   a - +0 robe
rPois   .          Reflect  .   (no helmet)
rElec   .          Harm     .   (no cloak)
rCorr   .          Rampage  .   (no gloves)
Will    .....                   (no boots)
Stlth   ++........              (no amulet)
HPRegen 0.04/turn               c - +6 ring of intelligence
MPRegen 0.08/turn               g - ring of wizardry

@: no status effects
A: no striking features
a: no special abilities


You were on level 1 of the Dungeon.
You visited 1 branch of the dungeon, and saw 1 of its levels.

You collected 17 gold pieces.

Inventory:

Hand Weapons
 j - a +0 club (weapon)
Missiles
 d - 29 stones
Armour
 a - a +0 robe (worn)
Jewellery
 c - a +6 ring of intelligence (left hand)
 g - a ring of wizardry (right hand)
Scrolls
 e - a scroll of identify {unknown}
 h - a scroll of blinking {unknown}
Potions
 b - a potion of magic
 f - a potion of cancellation {unknown}
 i - a potion of mutation {unknown}


   Skills:
 + Level 1.7 Dodging
 + Level 1.7 Stealth
 + Level 2.0 Spellcasting
 + Level 4.5 Necromancy


You had 3 spell levels left.
You knew the following spells:

 Your Spells              Type           Power      Damage    Failure   Level
a - Pain                  Necr           88%        1d8       1%          1

Your spell library contained the following spells:

 Spells                   Type           Power      Damage    Failure   Level
 Animate Skeleton         Necr           44%        N/A       1%          1
 Vampiric Draining        Necr           22%        2d7       2%          3
 Animate Dead             Necr           11%        N/A       9%          4
 Agony                    Necr           22%        N/A       24%         5


Dungeon Overview and Level Annotations

Branches:
Dungeon (1/15)

Altars:


Message History

Found a stone staircase leading down.
There is a stone staircase leading down here.
Found 3 stones.
A hobgoblin comes into view.
Found a short sword and a book of Necromancy.
A kobold comes into view. It is wielding a +0 club.
Found 13 gold pieces.
The kobold shouts!
A quokka comes into view.
The quokka moves out of view.
Found a murky white potion.
The kobold misses you.
You barely miss the kobold. The kobold closely misses you.
You hit the kobold but do no damage. The kobold hits you with a +0 club.
You barely miss the kobold. The kobold misses you.
You barely miss the kobold. The kobold hits you with a +0 club.
You barely miss the kobold. The kobold barely misses you.
You hit the kobold but do no damage. The kobold barely misses you.
You hit the kobold.
The kobold is moderately wounded.
The kobold barely misses you.
You hit the kobold.
The kobold is heavily wounded.
The kobold closely misses you.
You hit the kobold.
The kobold is severely wounded.
The kobold closely misses you.
You hit the kobold.
You kill the kobold!
The hobgoblin barely misses you.
Things that are here:
a +0 club; 4 stones
j - a +0 club;
d - 29 stones (gained 4)
The hobgoblin completely misses you.
j - a +0 club (weapon)
You barely miss the hobgoblin. The hobgoblin hits you with a +0 club!
Ouch! That really hurt!
* * * LOW HITPOINT WARNING * * *
The hobgoblin hits you with a +0 club.
You die...

#.. #.# # #########.###
##
#...>.......##########≈
#.#######.#......##.#≈♣
##.# #.######.##.##.
#..#### #.# ##...#....
#.....####.####.#.#..##.
#.###rg@..#..........#≈.
#..#$.##(##..###.#.#.###≈
#.#... #.##...###...## ##
#.#).. #.##..## ##.## #
#.##.: ..##.## #.# #. .##
!##..# #.# #. . #..# #.#
#. .# #..# #.# #..# #.#


You could see a quokka and a hobgoblin.

Vanquished Creatures
  A kobold (D:1)
  A bat (D:1)
2 creatures vanquished.

Vanquished Creatures (others)
  4 toadstools (D:1)
4 creatures vanquished.

Grand Total: 6 creatures vanquished

Notes
Turn   | Place    | Note
-------+----------+-------------------------------------------
     0 | D:1      | gzilladon the Demonspawn Necromancer began the quest for
                  | the Orb.
     0 | D:1      | Reached XP level 1. HP: 13/13 MP: 3/3
   498 | D:1      | Slain by a hobgoblin

Illustrated notes

Levels and vault maps discovered:
D:1:      ldierk_walled_garden_2, layout_loops_ring, minmay_tetromino_l4

Action                   || total
-------------------------++-------
Melee: Unarmed           ||    23
       Club              ||     1
Armor: Robe              ||     6
Dodge: Dodged            ||    28

Table legend: (Time is in decaauts)
 A = Elapsed time spent in this place.
 B = Non-inter-level travel time spent in this place.
 C = Inter-level travel time spent in this place.
 D = Time resting spent in this place.
 E = Time spent auto-exploring this place.
 F = Levels seen in this place.
 G = Mean time per level.
                   A        B        C        D        E       F      G
               +--------+--------+--------+--------+--------+-----+--------+
         Total |    497 |    497 |      0 |    180 |      0 |   1 |  497.0 |
       Dungeon |    497 |    497 |      0 |    180 |      0 |   1 |  497.0 |
               +--------+--------+--------+--------+--------+-----+--------+

Top non-repeatable levels by time:
     D:1: 497 daAuts
